 Dungeon Crawl Stone Soup version 0.16-a0-51-g3cd7026 (webtiles) character file.

16 Bloax the Cutter (level 2, 0/15 HPs)
             Began as a Vine Stalker Gladiator on Aug 6, 2014.
             Was an Initiate of Cheibriados.
             Succumbed to a scorpion's poison
             ... on Level 4 of the Dungeon.
             The game lasted 00:01:49 (366 turns).

Bloax the Cutter (Vine Stalker Gladiator)            Turns: 366, Time: 00:01:49

HP   0/15        AC  4     Str 18      XL: 2   Next: 58%
MP   1/5         EV 12     Int  9      God: Cheibriados [......]
Gold 125         SH  0     Dex 15      Spells:  0 memorised,  5 levels left

rFire  . . .     SeeInvis .     a - +0 cutlass
rCold  . . .     Clarity  .     b - +0 leather armour
rNeg   . . .     rCorr    .     (no shield)
rPois  .         rRot     +     c - +0 helmet
rElec  .         Spirit   +     (no cloak)
SustAb .         Warding  .     (no gloves)
rMut   .         Stasis   .     (no boots)
Gourm  .                        (no amulet)
MR     .....                    (no ring)
                                (no ring)

@: lethally poisoned, very slow, not resistant to hostile enchantments, very
unstealthy
A: fangs 2, regeneration 1, magic shield, antimagic bite, no device heal 3, rot
immunity
a: Bend Time, Renounce Religion


You were on level 4 of the Dungeon.
You worshipped Cheibriados.
Cheibriados was noncommittal.
You were not hungry.

You visited 2 branches of the dungeon, and saw 5 of its levels.

You collected 125 gold pieces.


Innate Abilities, Weirdness & Mutations

You have extremely sharp teeth.
Your natural rate of healing is unusually fast.
When hurt, damage is shared between your health and your magic reserves.
Your bite disrupts and absorbs the magic of your enemies.
Potions and wands cannot restore your health.
You are immune to rotting.


   Skills:
 - Level 1.7 Fighting
 - Level 2.6 Short Blades
 - Level 1.7 Throwing
 - Level 2.4 Dodging
 + Level 2.1 Spellcasting


You had 5 spell levels left.
You didn't know any spells.

Dungeon Overview and Level Annotations

Branches:
Dungeon (4/15)             Temple (1/1) D:4

Altars:
Cheibriados
Dithmenos
Makhleb
Nemelex Xobeh
Qazlal
Trog
Vehumet
Xom
The Shining One

Inventory:

Hand weapons
 a - a +0 cutlass (weapon)
Missiles
 d - 3 throwing nets (quivered)
Armour
 b - a +0 leather armour (worn)
 c - a +0 helmet (worn)
Comestibles
 f - a bread ration
 g - a meat ration

###################
.......¤@¤K¤¤.....#
###########¤##.##.##
.....#ls¤......#..
.....................#
............#..}...}..#.
...........###...(.....#.##
............#......>........
#.....%......#.#.........#...
#............#.#..}...}..#


You could see a kobold.


Message History

There is a staircase to the Ecumenical Temple here.
The giant newt bites you but does no damage.
The kobold throws a stone.
The stone hits you but does no damage.
You climb downwards.
Welcome to the Ecumenical Temple!
Found eight altars.
There is a staircase back to the Dungeon here.
Unknown command.
Unknown command.
The giant newt misses you.
There is a snail-covered altar of Cheibriados here.
You kneel at the altar of Cheibriados.
Cheibriados welcomes you!
Cheibriados begins to support your attributes as your movement slows.
You can now bend time to slow others.
The giant newt bites you but does no damage.
Unknown command.
You hit the giant newt.
You kill the giant newt!
Cheibriados appreciates the change of pace.
You see here a giant newt corpse.
There is a staircase back to the Dungeon here.
Read which item? (? for menu, Esc to quit)
Okay, then.
You aren't carrying any potions.
You climb upwards.
Welcome back to the Dungeon!
The scorpion stings you.
You are poisoned.
The scorpion poisons you! The kobold hits you but does no damage.
The giant gecko skeleton bites you but does no damage.
The scorpion barely misses you.
There is a staircase to the Ecumenical Temple here.
You see here a stone.
Unknown command.
Unknown command.
A giant gecko comes into view.
You feel sick.
The kobold throws a stone.
The stone hits you but does no damage.
You see here a stone.
You feel sick.
The kobold throws a stone.
The stone barely misses you.
Unknown command.
Unknown command.
You feel sick. The giant gecko skeleton bites you.
* * * LOW HITPOINT WARNING * * *
Unknown command.
The kobold hits you but does no damage.
Unknown command.
Unknown command.
You feel sick. The giant gecko closely misses you. The scorpion stings you.
* * * LOW HITPOINT WARNING * * *
You are lethally poisoned!
The scorpion poisons you! The giant gecko barely misses you.
Unknown command.
* * * LOW HITPOINT WARNING * * *
You feel sick. The kobold barely misses you.
Unknown command.
Unknown command.
You aren't carrying any potions.
You aren't carrying any potions.
Read which item? (? for menu, Esc to quit)
As you read the scroll labeled NEVIGET QEGIFF, it crumbles to dust.
You feel blessed for a moment.
It was a scroll of remove curse.
* * * LOW HITPOINT WARNING * * *
You feel sick. The kobold barely misses you.
Read which item? (? for menu, Esc to quit)
As you read the scroll labeled ROROPRO SEUHOO, it crumbles to dust.
The scroll dissolves into smoke.
It was a scroll of fog.
* * * LOW HITPOINT WARNING * * *
You feel sick. The kobold closely misses you.
* * * LOW HITPOINT WARNING * * *
You feel sick.
You die...

Action                   || total
-------------------------++-------
Melee: Cutlass           ||    44
  Use: Scroll            ||     2

Vault maps used:
D:1:      shiori_arrival_whats_in_store_for_you
D:2:      lemuel_crystal_altar, kennysheep_vampire_church,
          minmay_misc_feat_four_crosses
D:3:      grunt_gozag_breadcrumbs, okawaru_metal_pillars_1_2, first_bread,
          grunt_dithmenos_smoke_and_mirrors
D:4:      minmay_temple_entry_large_hall
Temple:   temple_eino_lava_8

Notes
Turn   | Place    | Note
--------------------------------------------------------------
     0 | D:1      | Bloax, the Vine Stalker Gladiator, began the quest for the Orb.
     0 | D:1      | Reached XP level 1. HP: 11/11 MP: 1/1
     0 | D:1      | Noticed a shadow dragon
     0 | D:1      | Noticed a shadow dragon
     1 | D:1      | Noticed a tentacled monstrosity
     1 | D:1      | Noticed an ice dragon
     3 | D:1      | Noticed an orb of fire
     5 | D:1      | Noticed a green draconian
     6 | D:1      | Noticed an ice dragon
     8 | D:1      | Noticed a large abomination
    10 | D:1      | Noticed an orb of fire
    10 | D:1      | Noticed an orb of fire
    12 | D:1      | Noticed an iron dragon
    12 | D:1      | Noticed a tentacled monstrosity
    16 | D:1      | Noticed a large abomination
    16 | D:1      | Noticed a large abomination
    16 | D:1      | Noticed a purple draconian
    18 | D:1      | Noticed a shadow dragon
    19 | D:1      | Noticed a tentacled monstrosity
    49 | D:2      | Reached skill level 1 in Spellcasting
   167 | D:3      | Reached XP level 2. HP: 12/15 MP: 4/4
   185 | D:3      | Found a shadowy altar of Dithmenos.
   240 | D:3      | Reached skill level 2 in Spellcasting
   327 | D:4      | Noticed a scorpion
   334 | D:4      | Found a staircase to the Ecumenical Temple.
   342 | Temple   | Entered the Ecumenical Temple
   348 | Temple   | Became a worshipper of Cheibriados the Contemplative
   362 | D:4      | HP: 3/15 [poisoned by a scorpion]
   365 | D:4      | HP: 1/15 [poisoned by a scorpion]
   366 | D:4      | Succumbed to a scorpion's poison

Vanquished Creatures
  3 orcs (D:3)
  A giant cockroach (D:2)
  2 hobgoblins (D:3)
  3 kobolds
  2 quokkas
  A giant newt (Temple)
12 creatures vanquished.
